Map: [ESL] Ancient Cistern

Players

Serral

  • Race: Zerg Zerg
  • League: Diamond
  • Spawn Location: 7:00

GuMiho - Winner!

  • Race: Terran Terran
  • Spawn Location: 1:00

Event: ESL SC2 Masters 2023 Summer (Finals)

VOD

Have the link to the VOD?

Description

Time

  • Played on: June 18, 2023, 1:23 p.m.
  • Length: 16:10

All games in this series

Show
View Real Time Build Order
Export as new Build Order

Serral Zerg 

Build Orders: Hatch First 

Get SALT Encoding   

  12  0:00  Drone  
  13  0:11  Overlord  
  13  0:16  Drone  
  14  0:30  Drone x2  
  16  0:47  Hatchery  
  15  0:50  Drone  
  15  0:54  Drone  
  15  0:57  Drone  
  18  1:07  Extractor  
  17  1:12  Spawning Pool  
  17  1:15  Drone  
  17  1:18  Drone  
  18  1:27  Drone  
  19  1:38  Drone  
  20  1:49  Drone  
  21  1:58  Queen x2  
  21  1:59  Zergling x4  
  27  2:09  Overlord  
  27  2:11  Drone, Metabolic Boost  
  28  2:26  Hatchery  
  28  2:29  Drone  
  28  2:31  Drone  
  28  2:33  Drone  
  28  2:36  Drone  
  31  2:43  Queen  
  33  2:48  Overlord  
  33  2:51  Drone  
  33  2:52  Drone  
  33  2:54  Drone  
  35  3:03  Overlord  
  35  3:07  Drone  
  35  3:08  Drone x3  
  39  3:14  Queen  
  39  3:16  Drone  
  39  3:17  Drone  
  43  3:22  Queen  
  45  3:28  Drone  
  46  3:36  Overlord  
  46  3:37  Drone  
  46  3:38  Zergling x4  
  46  3:39  Queen  
  51  3:42  Drone  
  51  3:47  Zergling x2  
  53  3:49  Overlord, Queen  
  53  3:51  Drone  
  53  3:54  Drone x2  
  58  3:57  Overlord  
  58  4:02  Queen  
  58  4:05  Zergling x2  
  58  4:06  Zergling x2  
  58  4:07  Drone  
  63  4:11  Drone x2  
  65  4:17  Drone x3, Overlord  
  65  4:19  Zergling x2  
  65  4:21  Drone  
  70  4:27  Zergling x2  
  70  4:29  Drone  
  70  4:30  Drone x2, Overlord  
  74  4:33  Lair  
  74  4:36  Drone, Spore Crawler  
  74  4:38  Baneling Nest  
  74  4:40  Extractor, Drone  
  74  4:45  Queen  
  74  4:46  Drone x2  
  74  4:48  Spore Crawler  
  74  4:49  Drone  
  76  4:53  Zergling x4  
  76  4:55  Drone x3  
  76  4:57  Drone  
  82  5:02  Drone x4  
  86  5:07  Drone x2  
  86  5:09  Overlord  
  86  5:11  Zergling x4  
  87  5:16  Zergling x2  
  87  5:20  Extractor  
  87  5:21  Overlord  
  87  5:22  Zergling x2  
  87  5:23  Zergling x2  
  87  5:25  Evolution Chamber  
  87  5:26  Overlord  
  87  5:27  Drone  
  89  5:29  Hatchery  
  89  5:30  Drone x2  
  89  5:33  Centrifugal Hooks  
  89  5:35  Baneling x3  
  90  5:41  Extractor, Zergling x8  
  93  5:45  Evolution Chamber, Zergling x4  
  93  5:47  Baneling x3  
  94  5:55  Zergling x16  
  103  5:58  Overlord  
  103  6:03  Zerg Ground Armor Level 1  
  103  6:06  Overlord  
  103  6:07  Zergling x2  
  103  6:13  Zergling x4  
  103  6:17  Overlord x2, Evolution Chamber  
  103  6:18  Drone  
  105  6:21  Zergling x8  
  109  6:26  Drone  
  109  6:27  Zergling x6  
  109  6:31  Baneling x4  
  113  6:33  Zergling x4  
  115  6:41  Drone x6  
  115  6:42  Queen  
  115  6:46  Drone, Zerg Melee Weapons Level 1  
  123  6:49  Zergling x6  
  123  6:51  Hatchery  
  125  6:54  Baneling x11  
  125  6:56  Zergling x8  
  125  6:57  Zergling x2  
  125  6:58  Zergling x2  
  131  7:02  Zergling x4  
  131  7:08  Zergling x6  
  135  7:13  Zergling x2  
  136  7:16  Zergling x2  
  136  7:17  Zergling x6  
  136  7:20  Overlord  
  140  7:24  Zergling x4  
  140  7:25  Zergling x4, Baneling  
  140  7:26  Baneling x11  
  140  7:29  Overlord  
  142  7:41  Zergling x14  
  148  7:45  Zergling x8  
  148  7:50  Zergling x2  
  148  7:51  Zergling x8  
  146  7:53  Zergling x2  
  146  7:55  Zergling x2  
  146  7:57  Zergling x6  
  144  8:01  Zerg Ground Armor Level 2  
  144  8:03  Baneling x9  
  138  8:07  Zergling x12  
  129  8:13  Zergling x2  
  129  8:14  Zergling x2  
  129  8:15  Drone  
  123  8:20  Zergling x6  
  123  8:26  Zergling x2  
  123  8:27  Zergling x8  
  113  8:28  Hatchery, Baneling x2  
  113  8:31  Zergling x4  
  114  8:36  Zergling x10  
  114  8:40  Zergling x2  
  118  8:46  Zergling x6  
  120  8:49  Zerg Melee Weapons Level 2  
  120  8:50  Baneling x11  
  120  8:53  Drone  
  120  8:54  Hatchery  
  121  8:55  Zergling x10  
  121  8:58  Zergling x2  
  123  9:06  Zergling x10  
  109  9:11  Zergling x10  
  109  9:16  Baneling  
  109  9:17  Baneling  
  111  9:18  Zergling x4  
  111  9:23  Zergling x2  
  111  9:24  Zergling x8  
  118  9:26  Baneling x10  
  118  9:29  Zergling x2  
  118  9:30  Queen x3, Zergling x2  
  128  9:39  Zergling x16  
  135  9:45  Zergling x12  
  135  9:50  Zergling x2  
  136  9:53  Zergling x8  
  136  9:58  Zergling x6  
  141  10:07  Zergling x18  
  141  10:10  Zergling x2  
  141  10:12  Baneling x13  
  146  10:16  Zergling x2  
  146  10:17  Zergling x6  
  150  10:26  Zergling x2  
  150  10:27  Zergling x10  
  155  10:32  Drone  
  155  10:33  Zergling x8  
  160  10:38  Zergling x12  
  160  10:40  Hatchery  
  161  10:42  Baneling  
  161  10:43  Baneling x8  
  161  10:45  Zergling x6  
  150  10:50  Zergling x10  
  151  10:57  Zergling x14  
  151  11:04  Queen x2  
  155  11:06  Zergling x8  
  154  11:12  Zergling x2  
  154  11:13  Zergling x12  
  158  11:19  Zergling x2  
  158  11:20  Zergling x12  
  155  11:28  Baneling Nest  
  155  11:29  Zergling x14  
  144  11:35  Zergling x6  
  140  11:42  Zergling x10  
  140  11:43  Zergling x2  
  141  11:53  Zergling x2  
  141  11:54  Zergling x16  
  143  12:03  Zergling x16  
  144  12:09  Zergling x8  
  144  12:12  Zergling x4  
  129  12:16  Baneling x9  
  128  12:22  Zergling x2  
  128  12:23  Zergling x12  
  128  12:28  Zergling x8  
  135  12:30  Zergling x4  
  135  12:38  Zergling x12  
  135  12:42  Baneling x6  
  132  12:45  Zergling x4  
  132  12:46  Zergling x2  
  134  12:53  Zergling x12  
  134  12:56  Zergling x6  
  140  13:02  Zergling x12  
  144  13:09  Zergling x2  
  144  13:10  Zergling x12  
  133  13:13  Baneling x9  
  128  13:20  Zergling x4  
  128  13:21  Zergling x10  
  128  13:27  Zergling x14  
  138  13:31  Zergling x8  
  138  13:32  Zergling x2  
  133  13:38  Zergling x12  
  126  13:42  Zergling x8  
  126  13:47  Zergling x10  
  126  13:48  Zergling x2  
  135  13:51  Baneling x4  
  135  14:01  Zergling x8  
  135  14:02  Zergling x18  
  138  14:07  Baneling x5  
  130  14:12  Zergling x16  
  135  14:23  Zergling x16  
  135  14:27  Zergling x6  
  123  14:34  Zergling x8  
  123  14:38  Zergling x6  
  96  14:48  Zergling x2  
  96  14:49  Zergling x4  
  98  14:58  Zergling x2  
  98  14:59  Zergling x8  
  102  15:04  Zergling x6  
  95  15:12  Zergling x8  
  84  15:30  Spawning Pool  
Show
View Real Time Build Order
Export as new Build Order

GuMiho Terran - Winner!

Build Orders: Command Center First 

Get SALT Encoding   

  12  0:00  SCV  
  13  0:12  SCV  
  14  0:17  Supply Depot  
  14  0:24  SCV  
  15  0:38  SCV  
  16  0:50  SCV  
  17  0:58  Command Center  
  17  1:02  SCV  
  18  1:11  Barracks  
  18  1:15  SCV  
  19  1:20  Refinery  
  19  1:27  SCV  
  19  1:28  Refinery  
  20  1:39  SCV  
  21  1:51  SCV  
  22  1:59  Reaper  
  23  2:03  Orbital Command  
  23  2:09  Orbital Command  
  23  2:16  Factory  
  23  2:24  Barracks  
  23  2:29  SCV  
  24  2:32  Barracks Reactor  
  24  2:36  SCV  
  25  2:41  SCV  
  26  2:48  SCV  
  27  2:53  SCV  
  28  3:00  Hellion  
  28  3:02  Starport  
  28  3:03  Supply Depot  
  28  3:04  SCV  
  28  3:05  SCV  
  32  3:09  Marine x2  
  32  3:11  Barracks Tech Lab  
  34  3:16  SCV  
  34  3:17  SCV  
  36  3:22  Hellion  
  38  3:27  Marine x2  
  38  3:29  Marine  
  38  3:30  Stimpack  
  38  3:31  SCV x2  
  43  3:38  Supply Depot  
  43  3:42  Medivac, Supply Depot  
  43  3:45  Marine  
  46  3:48  Factory Tech Lab  
  46  3:50  Engineering Bay  
  46  3:59  Marine x2, SCV x2  
  50  4:05  Marine  
  50  4:08  Siege Tank  
  54  4:11  SCV x2  
  56  4:17  Marine  
  56  4:19  Medivac  
  56  4:23  Marine x2  
  61  4:24  SCV  
  61  4:29  Supply Depot  
  62  4:31  Supply Depot  
  62  4:38  Terran Infantry Weapons Level 1  
  62  4:39  Marine, SCV  
  62  4:42  Marine x2  
  62  4:44  SCV  
  67  4:52  SCV  
  68  4:55  Command Center  
  68  4:56  SCV  
  68  4:57  Marine  
  70  5:00  Marine x2  
  70  5:01  Siege Tank  
  70  5:04  SCV  
  76  5:11  Refinery  
  76  5:15  Marine  
  76  5:18  Marine x2  
  76  5:20  SCV x2  
  81  5:30  Combat Shield  
  81  5:31  Starport Reactor  
  81  5:32  SCV x2  
  81  5:33  Marine  
  84  5:35  Marine  
  84  5:36  Marine  
  86  5:46  Barracks  
  86  5:49  Barracks x2, Refinery, Supply Depot  
  86  5:51  Supply Depot  
  86  5:54  SCV x2  
  86  5:55  Siege Tank  
  86  5:56  Marine x2  
  93  6:06  SCV x2, Marine  
  96  6:11  Medivac x2  
  96  6:13  Marine  
  96  6:17  Marine  
  96  6:18  SCV  
  103  6:19  SCV  
  105  6:28  Supply Depot  
  105  6:29  Supply Depot  
  105  6:30  SCV  
  105  6:31  Marine, SCV  
  105  6:32  Terran Infantry Armor Level 1  
  108  6:35  Orbital Command, Marine  
  108  6:38  Siege Tank  
  114  6:42  SCV, Supply Depot  
  114  6:45  Barracks Reactor  
  114  6:46  Barracks Reactor  
  112  6:47  SCV  
  112  6:50  Marine  
  114  6:54  SCV  
  114  6:55  Marine x2, Barracks Reactor  
  114  7:00  SCV  
  118  7:06  SCV  
  118  7:07  SCV  
  118  7:08  Marine  
  120  7:10  Siege Tank  
  120  7:12  SCV  
  120  7:13  Marine x2  
  127  7:18  SCV  
  127  7:21  Marine x2  
  127  7:22  Marine  
  131  7:24  SCV x2  
  131  7:26  Marine  
  131  7:27  Supply Depot x2  
  131  7:29  Armory  
  134  7:31  Marine x2  
  134  7:33  Marine x2, Engineering Bay  
  134  7:34  Marine  
  139  7:42  Marine x3  
  139  7:44  Marine  
  141  7:46  Siege Tank  
  141  7:49  Marine x2  
  145  7:54  Marine  
  145  7:56  Marine x2  
  138  8:00  Marine x3  
  139  8:12  Marine  
  123  8:16  Marine x2  
  123  8:18  Siege Tank  
  128  8:24  Marine x2  
  128  8:25  Liberator, Marine  
  128  8:26  Liberator, Marine x2  
  125  8:27  Marine  
  125  8:28  SCV x3  
  129  8:34  Terran Infantry Weapons Level 2  
  129  8:38  Marine x3  
  129  8:40  SCV x3  
  135  8:42  Marine x2  
  135  8:47  Marine x2  
  135  8:48  Marine x2  
  137  8:55  Terran Infantry Armor Level 2  
  137  8:56  Marine x3  
  137  9:00  Marine  
  141  9:03  Marine  
  141  9:05  Marine x4  
  122  9:13  Marine x2  
  122  9:14  Marine  
  122  9:18  Marine, Siege Tank  
  122  9:21  Marine  
  122  9:22  Marine  
  122  9:23  Marine x3  
  131  9:31  Marine x2  
  131  9:32  Marine  
  131  9:34  Medivac  
  131  9:35  Marine  
  137  9:39  Marine  
  137  9:40  Marine x2  
  137  9:41  Marine x2  
  137  9:44  Supply Depot  
  137  9:45  Supply Depot  
  140  9:47  Supply Depot  
  140  9:49  Marine, Supply Depot  
  141  10:05  Marine x8  
  149  10:07  Marine, Supply Depot  
  149  10:09  Supply Depot  
  149  10:12  Siege Tank  
  149  10:14  Medivac x2  
  149  10:23  Marine x6  
  149  10:24  Marine  
  149  10:25  Marine  
  157  10:29  Marine  
  158  10:41  Marine x6  
  160  10:44  Medivac x2  
  154  10:50  Marine x3  
  157  10:58  Marine x5  
  157  11:01  Marine  
  162  11:05  Terran Infantry Weapons Level 3  
  162  11:08  Marine x2  
  156  11:14  Terran Infantry Armor Level 3, Marine  
  156  11:16  Marine x2  
  156  11:17  Marine x2  
  161  11:18  Marine  
  161  11:21  Marine  
  153  11:30  Marine x2  
  137  11:34  Marine x3  
  137  11:39  Marine x2  
  132  11:41  Marine x2  
  132  11:42  Siege Tank  
  128  11:48  Marine x2  
  128  11:52  Marine x3  
  117  11:57  Marine x2  
  117  11:59  Marine x2  
  120  12:05  Marine  
  121  12:14  Marine x2  
  121  12:15  Marine x2  
  105  12:16  Marine x2  
  105  12:20  Marine x2  
  109  12:23  Marine  
  107  12:32  Marine x3  
  107  12:33  Marine x2  
  107  12:35  Marine  
  104  12:39  Siege Tank  
  104  12:42  Marine  
  107  12:46  Marine x2  
  107  12:50  Marine x2  
  111  12:51  Marine x2  
  111  12:53  Marine  
  111  12:55  Marine  
  115  13:01  Marine  
  115  13:04  Marine  
  117  13:11  Marine  
  117  13:12  Marine x2  
  113  13:13  Marine x4  
  113  13:19  Marine  
  116  13:21  Medivac  
  116  13:22  Marine  
  116  13:29  Marine x2  
  116  13:30  Marine x3  
  116  13:31  Marine x2  
  107  13:37  Marine  
  107  13:40  Marine  
  97  13:47  Marine x2  
  97  13:48  Marine x3  
  97  13:49  Marine x2  
  97  13:54  Marine  
  102  13:57  Marine  
  94  14:05  Marine x2  
  94  14:06  Marine x4  
  94  14:07  Marine  
  101  14:12  Marine  
  101  14:15  Marine  
  103  14:23  Marine x2  
  103  14:24  Marine x3  
  105  14:27  Marine x2  
  106  14:36  Marine  
  106  14:37  Marine  
  70  14:41  Marine x2  
  70  14:44  Marine  
  64  15:03  Marine  
  64  15:04  Marine x2  
  64  15:05  Marine x2  
  64  15:06  Marine x2  
  71  15:07  Marine  
  62  15:15  Marine  
  59  15:22  Marine x3  
  59  15:25  Marine x2  
  59  15:27  Marine x3  
  50  15:33  Marine  
  48  15:42  Marine  
  49  15:49  Marine  
  48  15:50  Marine  
Tags
 
Add a new tag
Caveats
  • Supply blocks, unpowered buildings, or Contaminate may cause inaccurate times.
  • Supply counts are checked every 10 seconds.